 Dungeon Crawl Stone Soup version 0.15.0-12-gccce430 (webtiles) character file.

71 CrazyArbalest the Bolt Thrower (level 4, 32/32 HPs)
             Began as a Demonspawn Hunter on Sept 1, 2014.
             Quit the game on Level 2 of the Dungeon.
             The game lasted 00:10:33 (1437 turns).

CrazyArbalest the Bolt Thrower (Demonspawn Hunter)  Turns: 1437, Time: 00:10:33

HP  32/32        AC  4     Str 13      XL: 4   Next:  5%
MP   4/4         EV 11     Int 12      God:
Gold 86          SH  0     Dex 14      Spells:  0 memorised,  3 levels left

rFire  . . .     SeeInvis .     a - +0 club
rCold  . . .     Clarity  .     d - +0 leather armour
rNeg   . . .     rCorr    .     (no shield)
rPois  .         rRot     .     (no helmet)
rElec  .         Spirit   .     h - +0 cloak
SustAb .         Warding  .     (no gloves)
rMut   .         Stasis   .     (no boots)
Gourm  .                        (no amulet)
MR     .....                    (no ring)
                                (no ring)

@: not resistant to hostile enchantments, very unstealthy
A: claws 1, demonic guardian 1, powered by death 1
a: no special abilities


You were on level 2 of the Dungeon.
You were not hungry.

You visited 1 branch of the dungeon, and saw 2 of its levels.

You collected 86 gold pieces.

Inventory:

Hand weapons
 a - a +0 club (weapon)
 b - a +1 hand crossbow
Missiles
 c - 10 bolts
Armour
 d - a +0 leather armour (worn)
 h - a +0 cloak (worn)
 w - a +2 leather armour of poison resistance
Comestibles
 f - 2 bread rations
 g - 4 fruits
 i - a beef jerky
 l - 2 rotting chunks of goblin flesh
 m - a chunk of giant gecko flesh
 n - a meat ration
 o - a rotting chunk of rat flesh
 p - a chunk of giant gecko flesh
 q - a rotting chunk of giant newt flesh
 r - a rotting chunk of giant newt flesh
 s - 2 rotting chunks of worm flesh
 t - 3 rotting chunks of hobgoblin flesh
 u - a chunk of giant newt flesh
Scrolls
 k - 4 scrolls of identify {unknown}
 v - a scroll of magic mapping {unknown}
 x - a scroll of blinking {unknown}
 y - a scroll of teleportation {unknown}
Potions
 e - a potion of haste {unknown}


   Skills:
 + Level 1.2 Fighting
 * Level 0.6 Maces & Flails
 * Level 4.3 Crossbows
 + Level 1.1 Armour
 + Level 2.4 Dodging
 + Level 0.8 Stealth


You had 3 spell levels left.
You didn't know any spells.

Dungeon Overview and Level Annotations

Branches:
Dungeon (2/15)

Altars:


Innate Abilities, Weirdness & Mutations

You have sharp fingernails.
A weak demonic guardian rushes to your aid.
You can steal the life force of nearby defeated enemies.


Message History

You shoot a bolt. The bolt hits the adder.
The adder is severely wounded.
Wield which item (- for none, * to show all)? (? for menu, Esc to quit)
a - a +0 club (weapon)
You feel less regenerative.
You miss the adder.
The adder is severely wounded.
The adder bites you but does no damage. The adder bites you.
You hit the adder.
You kill the adder!
You have reached level 4!
Your demonic ancestry asserts itself...
You feel the presence of a demonic guardian.
You feel stronger.
Are you sure you want to abandon this character and quit the game? (Confirm with "yes".)
Okay, then.
Unknown command.
Unknown command.
Unknown command.
Are you sure you want to abandon this character and quit the game? (Confirm with "yes".)

........... ....(.
....##.... .........
....# .. . #...(.....
...## ..##..........
...### ..##..........#
##...#####.##...(......#
###.....#.##..........#
########...##...%.!....#
.....(........%.@......#
######........##########
#........# #........#
##########


There were no monsters in sight!

Vanquished Creatures
  3 adders
  A worm (D:2)
  2 giant geckos (D:2)
  A giant cockroach (D:1)
  6 goblins
  5 hobgoblins
  3 jackals (D:1)
  11 giant newts
  A kobold (D:1)
  5 rats
38 creatures vanquished.

Notes
Turn   | Place    | Note
--------------------------------------------------------------
     0 | D:1      | CrazyArbalest, the Demonspawn Hunter, began the quest for the Orb.
     0 | D:1      | Reached XP level 1. HP: 15/15 MP: 1/1
    74 | D:1      | Reached skill level 4 in Crossbows
   125 | D:1      | Gained mutation: You can steal the life force of nearby defeated enemies. [demonic ancestry]
   125 | D:1      | Reached XP level 2. HP: 15/21 MP: 2/2
   927 | D:1      | Gained mutation: You have sharp fingernails. [demonic ancestry]
   927 | D:1      | Reached XP level 3. HP: 21/26 MP: 3/3
  1191 | D:2      | Reached skill level 1 in Armour
  1436 | D:2      | Gained mutation: A weak demonic guardian rushes to your aid. [demonic ancestry]
  1436 | D:2      | Reached XP level 4. HP: 30/32 MP: 4/4
  1437 | D:2      | Quit the game

Action                   |  1- 3 |  4- 6 || total
-------------------------+-------+-------++-------
Melee: Short sword       |    36 |       ||    36
       Club              |   102 |       ||   102
 Fire: Hand crossbow     |    52 |       ||    52
  Use: Potion            |     1 |       ||     1
 Stab: Sleeping          |     1 |       ||     1
  Eat: Chunk             |     2 |       ||     2
